 Dungeon Crawl Stone Soup version 0.27-a0-1232-gc6a4cbde82 (webtiles) character file.

Game seed: 12464331144228889412

334 hatdisgam the Covert (level 6, -6/53 HPs)
             Began as a Gnoll Delver on June 8, 2021.
             Mangled by a hornet zombie (7 damage)
             ... on level 4 of the Dungeon.
             The game lasted 00:06:09 (3640 turns).

hatdisgam the Covert (Gnoll Delver)                 Turns: 3640, Time: 00:06:09

Health: -6/53      AC:  6    Str: 11    XL:     6   Next: 53%
Magic:  9/9        EV: 11    Int: 12    God:
Gold:   162        SH:  0    Dex: 19    Spells: 9/9 levels left

rFire    . . .     SeeInvis .   m - +1 short sword (venom)
rCold    . . .     Faith    .   (no shield)
rNeg     . . .     Spirit   .   l - +0 scale mail
rPois    .         Reflect  .   (no helmet)
rElec    .         Harm     .   (no cloak)
rCorr    .         Rampage  .   (no gloves)
Will     .....                  (no boots)
Stlth    +++.......             (no amulet)
HPRegen  0.17/turn              i - +6 ring of dexterity
MPRegen  0.11/turn              (no ring)

@: hasted, very quick
A: fangs 1, strong nose, distributed training
a: no special abilities


You were on level 4 of the Dungeon.
You visited 1 branch of the dungeon, and saw 5 of its levels.

You collected 162 gold pieces.

Inventory:

Hand Weapons
 a - a +0 falchion
 m - a +1 short sword of venom (weapon)
Armour
 b - a +0 leather armour
 l - a +0 scale mail (worn)
Jewellery
 i - a +6 ring of dexterity (left hand)
 q - a +6 ring of intelligence
 u - an amulet of faith
Wands
 g - a wand of digging (3)
 w - a wand of flame (9)
Scrolls
 c - 3 scrolls of fog
 d - a scroll of magic mapping
 e - 2 scrolls of fear
 k - 4 scrolls of identify {unknown}
 o - a scroll of blinking {unknown}
 p - a scroll of amnesia {unknown}
 r - a scroll of teleportation {unknown}
 s - a scroll of enchant weapon {unknown}
 t - a scroll of noise {unknown}
Potions
 f - a potion of haste
 h - 2 potions of flight {unknown}
 j - a potion of invisibility {unknown}
 n - a potion of heal wounds {unknown}
 v - a potion of mutation {unknown}


   Skills:
 + Level 6.8 Fighting
 + Level 2.0 Short Blades
 + Level 5.0 Long Blades
 + Level 2.0 Axes
 + Level 2.0 Maces & Flails
 + Level 2.0 Polearms
 + Level 2.0 Staves
 + Level 2.0 Slings
 + Level 2.0 Bows
 + Level 2.0 Crossbows
 + Level 2.0 Throwing
 + Level 2.0 Armour
 + Level 5.0 Dodging
 + Level 9.7 Stealth
 + Level 2.0 Shields
 + Level 2.0 Unarmed Combat
 + Level 2.0 Spellcasting
 + Level 1.5 Conjurations
 + Level 1.5 Hexes
 + Level 1.5 Summonings
 + Level 1.5 Necromancy
 + Level 1.5 Translocations
 + Level 1.5 Transmutations
 + Level 1.5 Fire Magic
 + Level 1.5 Ice Magic
 + Level 1.5 Air Magic
 + Level 1.5 Earth Magic
 + Level 1.5 Poison Magic
 + Level 2.2 Invocations
 + Level 2.0 Evocations


You had 9 spell levels left.
You didn't know any spells.
Your spell library was empty.

Dungeon Overview and Level Annotations

Branches:
Dungeon (5/15)
 Temple: D:4-7

Altars:
Fedhas
Zin

Shops:
D:4 *

Annotations:
D:5 Sigmund


Innate Abilities, Weirdness & Mutations

You have very sharp teeth.
Your uncanny sense of smell can sniff out nearby items.
Your experience applies equally to all skills.


Message History

The adder skeleton bites you but does no damage.
You hit the adder skeleton.
The adder skeleton is moderately damaged.
The adder skeleton misses you. The adder skeleton closely misses you.
You closely miss the adder skeleton.
The adder skeleton is moderately damaged.
The hornet zombie closely misses you.
The adder skeleton bites you but does no damage.
You closely miss the adder skeleton.
The adder skeleton is moderately damaged.
The hornet zombie hits you! The adder skeleton closely misses you.
You puncture the adder skeleton!
The adder skeleton is severely damaged.
The hornet zombie barely misses you. The adder skeleton bites you.
You hit the adder skeleton.
The adder skeleton is almost destroyed.
The hornet zombie barely misses you.
The adder skeleton bites you but does no damage.
The hornet zombie hits you!
Your scale mail prevents you from hitting the adder skeleton.
The adder skeleton is almost destroyed.
The adder skeleton closely misses you. The hornet zombie hits you.
You hit the adder skeleton.
You destroy the adder skeleton!
The hornet zombie completely misses you.
You barely miss the hornet zombie. The hornet zombie hits you!
The hornet zombie hits you.
You are too injured to fight recklessly!
You are too injured to fight recklessly!
You are too injured to fight recklessly!
You are too injured to fight recklessly!
You closely miss the hornet zombie. The hornet zombie hits you.
* * * LOW HITPOINT WARNING * * *
You feel yourself speed up. The hornet zombie hits you!
* * * LOW HITPOINT WARNING * * *
The hornet zombie hits you!
* * * LOW HITPOINT WARNING * * *
Found Ogymum's General Store.
The hornet zombie hits you!
You die...

#.# ..# #.
#.##.# ∆ #∩
#.#..#
#.##.?.#
#.....##
##..#.#
#####...####
.#......Z...#
.<.....@....#
##..........#
######..####
#..# #..#
#..# #..#
####


You could see a hornet zombie.

Vanquished Creatures
  A water moccasin zombie (D:5)
  A bullfrog skeleton (D:5)
  A jelly (D:4)
  2 orc wizards
  3 gnolls (D:2)
  A howler monkey skeleton (D:5)
  4 adders
  An adder skeleton (D:4)
  2 dart slugs
  10 orcs
  7 endoplasms
  5 hobgoblins
  6 jackals
  4 quokkas
  6 ball pythons
  9 bats
  2 frilled lizards
  7 goblins
  10 kobolds
  6 rats
88 creatures vanquished.

Vanquished Creatures (others)
  14 plants (D:4)
14 creatures vanquished.

Grand Total: 102 creatures vanquished

Notes
Turn   | Place    | Note
-------+----------+-------------------------------------------
     0 | D:5      | Reached skill level 9 in Stealth
     0 | D:5      | hatdisgam the Gnoll Delver began the quest for the Orb.
     0 | D:5      | Reached XP level 1. HP: 23/23 MP: 1/1
    19 | D:5      | Found a glowing silver altar of Zin.
    55 | D:5      | Noticed a scorpion
   165 | D:5      | Noticed Sigmund
   197 | D:5      | Found a blossoming altar of Fedhas.
   274 | D:5      | Noticed a water moccasin zombie
   292 | D:5      | Killed a water moccasin zombie
   293 | D:5      | Reached skill level 1 in Short Blades
   293 | D:5      | Reached skill level 1 in Axes
   293 | D:5      | Reached skill level 1 in Maces & Flails
   293 | D:5      | Reached skill level 1 in Polearms
   293 | D:5      | Reached skill level 1 in Staves
   293 | D:5      | Reached skill level 1 in Slings
   293 | D:5      | Reached skill level 1 in Bows
   293 | D:5      | Reached skill level 1 in Crossbows
   293 | D:5      | Reached skill level 1 in Throwing
   293 | D:5      | Reached skill level 1 in Armour
   293 | D:5      | Reached skill level 1 in Shields
   293 | D:5      | Reached skill level 1 in Unarmed Combat
   293 | D:5      | Reached skill level 1 in Spellcasting
   293 | D:5      | Reached skill level 1 in Invocations
   293 | D:5      | Reached skill level 1 in Evocations
   293 | D:5      | Reached XP level 2. HP: 9/29 MP: 1/3
   293 | D:5      | Reached XP level 3. HP: 11/35 MP: 1/4
   546 | D:5      | Reached XP level 4. HP: 28/41 MP: 5/5
   623 | D:5      | Reached skill level 1 in Conjurations
   623 | D:5      | Reached skill level 1 in Hexes
   623 | D:5      | Reached skill level 1 in Summonings
   623 | D:5      | Reached skill level 1 in Necromancy
   623 | D:5      | Reached skill level 1 in Translocations
   623 | D:5      | Reached skill level 1 in Transmutations
   623 | D:5      | Reached skill level 1 in Fire Magic
   623 | D:5      | Reached skill level 1 in Ice Magic
   623 | D:5      | Reached skill level 1 in Air Magic
   623 | D:5      | Reached skill level 1 in Earth Magic
   623 | D:5      | Reached skill level 1 in Poison Magic
   735 | D:5      | Reached XP level 5. HP: 41/47 MP: 6/6
  1233 | D:2      | Found a faded altar of an unknown god.
  2650 | D:3      | Reached XP level 6. HP: 47/53 MP: 8/8
  3403 | D:3      | Reached skill level 5 in Long Blades
  3403 | D:3      | Reached skill level 5 in Dodging
  3639 | D:4      | Found Ogymum's General Store.
  3639 | D:4      | HP: 1/53 [hornet zombie (8)]
  3640 | D:4      | Mangled by a hornet zombie

Illustrated notes

Levels and vault maps discovered:
D:1:      amcnicky_arrival_underground_garden, layout_loops_ring
D:2:      layout_basic, basic_ecumenical_altar, kennysheep_generic_room_3
D:3:      layout_basic, grunt_ministairs_2, minmay_diced_spiral
D:4:      layout_rooms, nzn_overflow_gifts_of_might_and_magic, serial_shops,
          shop, grunt_ministairs_12, serial_bayou_lagoon_a, uniq_robin
D:5:      layout_layer_cave, fiery_altar_vehumet, marbit_many_paths,
          zin_academy, lemuel_doored_altar, serial_co_window_serial,
          co_window_corner_a, co_window_paths_b, co_window_paths_b,
          co_window_of_opportunity_a, co_window_paths_b,
          co_window_of_opportunity_b, co_window_broadway_c, co_window_corner_b,
          co_window_corner_b, co_window_broadway_a, co_window_of_opportunity_b,
          co_window_paths_c, glass_columns_a, glass_columns_a, glass_columns_a,
          glass_columns_a, minmay_misc_feat_more_columns,
          minmay_tree_intersection, uniq_sigmund

Skill      XL: |  1  2  3  4  5  6 |
---------------+-------------------+-----
Stealth        | |  9.7
Short Blades   | 1 2 |  2.0
Axes           | 1 2 |  2.0
Maces & Flails | 1 2 |  2.0
Polearms       | 1 2 |  2.0
Staves         | 1 2 |  2.0
Slings         | 1 2 |  2.0
Bows           | 1 2 |  2.0
Crossbows      | 1 2 |  2.0
Throwing       | 1 2 |  2.0
Armour         | 1 2 |  2.0
Shields        | 1 2 |  2.0
Unarmed Combat | 1 2 |  2.0
Spellcasting   | 1 2 |  2.0
Invocations    | 1 2 |  2.2
Evocations     | 1 2 |  2.0
Conjurations   | 1 |  1.5
Hexes          | 1 |  1.5
Summonings     | 1 |  1.5
Necromancy     | 1 |  1.5
Translocations | 1 |  1.5
Transmutations | 1 |  1.5
Fire Magic     | 1 |  1.5
Ice Magic      | 1 |  1.5
Air Magic      | 1 |  1.5
Earth Magic    | 1 |  1.5
Poison Magic   | 1 |  1.5
Long Blades    | 5 |  5.0
Dodging        | 5 |  5.0
Fighting       | |  6.8

Action                   |  1- 3 |  4- 6 || total
-------------------------+-------+-------++-------
Melee: Falchion          |    24 |    30 ||    54
       Bite              |     3 |    26 ||    29
       Short sword       |       |   187 ||   187
  Use: Potion            |       |     1 ||     1
 Stab: Sleeping          |       |    19 ||    19
Armor: Leather armour    |     4 |     4 ||     8
       Scale mail        |       |    72 ||    72
Dodge: Dodged            |    14 |   138 ||   152
       Rpst.: Falchion   |     2 |     7 ||     9

Table legend: (Time is in decaauts)
 A = Elapsed time spent in this place.
 B = Non-inter-level travel time spent in this place.
 C = Inter-level travel time spent in this place.
 D = Time resting spent in this place.
 E = Time spent auto-exploring this place.
 F = Levels seen in this place.
 G = Mean time per level.
                   A        B        C        D        E       F      G
               +--------+--------+--------+--------+--------+-----+--------+
         Total |   3645 |   3533 |    112 |    254 |   2455 |   5 |  729.0 |
       Dungeon |   3645 |   3533 |    112 |    254 |   2455 |   5 |  729.0 |
               +--------+--------+--------+--------+--------+-----+--------+

Top non-repeatable levels by time:
     D:3: 1190 daAuts
     D:5: 784 daAuts
     D:2: 746 daAuts
     D:1: 654 daAuts
     D:4: 270 daAuts
